 Dungeon Crawl Stone Soup version 0.29.1-12-g30fa7ad0bf (webtiles) character file.

Game seed: 3429141186578814122

241 bencek the Covered (level 5, -1/47 HPs)
             Began as a Minotaur Fighter on Jan 14, 2023.
             Succumbed to an orc wizard's poison
             ... on level 3 of the Dungeon.
             The game lasted 00:06:57 (2400 turns).

bencek the Covered (Minotaur Fighter)               Turns: 2400, Time: 00:06:57

Health: -1/47      AC:  7    Str: 23    XL:     5   Next: 80%
Magic:  4/4        EV:  9    Int:  5    God:
Gold:   115        SH:  4    Dex:  9    Spells: 4/4 levels left

rFire   . . .      SeeInvis .   a - +0 flail
rCold   . . .      Faith    .   c - +0 buckler
rNeg    . . .      Spirit   .   b - +0 scale mail
rPois   .          Reflect  .   (helmet restricted)
rElec   .          Harm     .   (no cloak)
rCorr   .          Rampage  .   (no gloves)
Will    .....                   (no boots)
Stlth   ..........              (no amulet)
HPRegen 0.15/turn               (no ring)
MPRegen 0.09/turn               (no ring)

@: lethally poisoned (-1 -> -18)
A: horns 2, retaliatory headbutt
a: no special abilities


You were on level 3 of the Dungeon.
You visited 1 branch of the dungeon, and saw 3 of its levels.

You collected 115 gold pieces.

Inventory:

Hand Weapons
 a - a +0 flail (weapon)
Armour
 b - a +0 scale mail (worn)
 c - a +0 buckler (worn)
Jewellery
 e - an amulet of guardian spirit
 r - a ring of wizardry
Scrolls
 f - 2 scrolls of torment {unknown}
 h - a scroll of magic mapping {unknown}
 i - a scroll of silence {unknown}
 j - 3 scrolls of teleportation {unknown}
 k - a scroll of fog {unknown}
 l - 2 scrolls of fear {unknown}
 o - 2 scrolls of identify {unknown}
 q - a scroll of summoning {unknown}
Potions
 d - a potion of might
 g - a potion of berserk rage {unknown}
 m - 2 potions of brilliance {unknown}
 n - a potion of curing {unknown}
 p - a potion of heal wounds {unknown}


   Skills:
 + Level 4.4 Fighting
 + Level 4.5 Maces & Flails
 + Level 5.3 Armour
 + Level 1.2 Dodging
 + Level 0.1 Stealth
 + Level 4.6 Shields


You had 4 spell levels left.
You didn't know any spells.
Your spell library contained the following spells:

 Spells                   Type           Power      Damage    Failure   Level
 Apportation              Tloc           0%         N/A       86%         1
 Alistair's Intoxication  Tmut/Pois      0%         N/A       100%        5


Dungeon Overview and Level Annotations

Branches:
Dungeon (3/15)

Altars:
Elyvilon


Innate Abilities, Weirdness & Mutations

You have a pair of horns on your head.
You reflexively headbutt those who attack you in melee.


Message History

The orc hits you with a +0 short sword.
The orc wizard hits you but does no damage.
You bump into the rock wall.
You feel sick. The orc hits you but does no damage.
The orc wizard hits you but does no damage.
You are more poisoned.
You miss the orc wizard.
The orc wizard is moderately wounded.
You feel very sick. The orc hits you but does no damage.
The orc wizard closely misses you.
You're too confused to move!
You feel very sick. The orc hits you but does no damage.
The orc wizard hits you but does no damage.
You are more poisoned.
You bump into the rock wall.
You feel very sick. The orc hits you with a +0 short sword.
The orc wizard hits you but does no damage.
You are lethally poisoned!
You bump into the rock wall.
You feel very sick. The orc closely misses you.
The orc wizard hits you with a +0 dagger of venom.
* * * LOW HITPOINT WARNING * * *
You are more poisoned.
You sock the orc wizard! Your headbutt misses the orc wizard.
The orc wizard is almost dead.
You feel less confused.
* * * LOW HITPOINT WARNING * * *
You feel extremely sick. You block the orc's attack.
The orc wizard casts a spell at you.
The puff of flame hits you but does no damage.
The orc hits you with a +0 short sword.
* * * LOW HITPOINT WARNING * * *
You block the orc wizard's attack.
You thump the orc wizard!
You kill the orc wizard!
You die...

.......# ########
###########
......(...########
..........'..>.o.#
..........###.##@#
#.............##)#
#.#.#########.##o#
..#..# #.##.#
..##.########.##..
..+.........#.####
..###..####.#.#####.#
..........#.#.......#
...###.##.#.#.#######


You could see 2 orcs.

Vanquished Creatures
  A vampire bat (D:3)
  An orc wizard (D:3)
  2 adders (D:2)
  3 gnolls (D:3)
  2 dart slugs
  3 fire bats (D:3)
  2 spectral bats (D:3)
  3 bat skeletons (D:3)
  A bat zombie (D:3)
  3 endoplasms
  5 giant cockroaches
  11 goblins
  6 hobgoblins
  8 jackals
  3 quokkas (D:2)
  6 ball pythons
  12 bats
  A bat simulacrum (D:3)
  2 frilled lizards (D:1)
  A kobold (D:2)
  6 rats
82 creatures vanquished.

Vanquished Creatures (others)
  A plant (D:1)
1 creature vanquished.

Grand Total: 83 creatures vanquished

Notes
Turn   | Place    | Note
-------+----------+-------------------------------------------
     0 | D:1      | bencek the Minotaur Fighter began the quest for the Orb.
     0 | D:1      | Reached XP level 1. HP: 19/19 MP: 0/0
   136 | D:1      | Found a faded altar of an unknown god.
   192 | D:1      | Reached skill level 4 in Armour
   227 | D:1      | Reached XP level 2. HP: 27/27 MP: 1/1
   922 | D:2      | Reached XP level 3. HP: 33/33 MP: 2/2
  1322 | D:2      | Found a white marble altar of Elyvilon.
  1402 | D:2      | Reached XP level 4. HP: 37/40 MP: 3/3
  1595 | D:3      | Reached skill level 1 in Dodging
  1988 | D:3      | Reached XP level 5. HP: 44/46 MP: 4/4
  1989 | D:3      | Reached skill level 5 in Armour
  2400 | D:3      | Succumbed to an orc wizard's poison

Illustrated notes

Levels and vault maps discovered:
D:1:      spicycebolla_green_bress_n_ham_2, layout_loops_ring,
          hellmonk_ecumenical_altar_blasted, serial_bayou_pond_a,
          minmay_tetromino_t2
D:2:      layout_rooms, basic_altar
D:3:      layout_basic, goddamned_bats

Skill      XL: |  1  2  3  4  5 |
---------------+----------------+-----
Armour         | 4 5 |  5.3
Shields        | 4 |  4.6
Maces & Flails | 3 4 |  4.5
Fighting       | 4 |  4.4
Dodging        | 1 |  1.2
Stealth        | |  0.1

Action                   |  1- 3 |  4- 6 || total
-------------------------+-------+-------++-------
Melee: Flail             |    91 |    70 ||   161
       Headbutt          |    13 |     6 ||    19
Armor: Scale mail        |    48 |    78 ||   126
Dodge: Dodged            |    49 |    61 ||   110
Block: Buckler           |    30 |    32 ||    62
